 Dungeon Crawl Stone Soup version 0.32-a0-519-g08f29ac1c3 (webtiles) character file.

Game seed: 8592657366076025823

506 Dirtsage the Cleaver (level 7, -7/50 HPs)
             Began as a Coglin Gladiator on Feb 28, 2024.
             Mangled by an ogre
             ... wielding a +0 giant club
              (11 damage)
             ... on level 4 of the Dungeon.
             The game lasted 00:04:37 (3106 turns).

Dirtsage the Cleaver (Coglin Gladiator)             Turns: 3106, Time: 00:04:38

Health: -7/50      AC: 11    Str: 17    XL:     7   Next: 18%
Magic:  7/7        EV: 11    Int: 10    God:
Gold:   147        SH:  0    Dex: 15    Spells: 6/6 levels left

rFire   + + .        a - +0 war axe {Belessunu}
rCold   . . .        (no shield)
rNeg    . . .        t - +4 ring mail of the Gloaming {rPois rF++ rCorr Int+3}
rPois   +            c - +0 helmet
rElec   .            (no cloak)
rCorr   +            (no gloves)
SInv    .            k - +0 pair of boots
Will    .....        (no amulet)
Stlth   +            (ring unavailable)
HPRegen 0.28/turn    (ring unavailable)
MPRegen 0.10/turn

%: no passive effects
@: revved
A: off-hand wielding, slow wielding, warmup strikes, no rings
a: no special abilities


You were on level 4 of the Dungeon.
You visited 1 branch of the dungeon, and saw 4 of its levels.

You collected 147 gold pieces.

Inventory:

Hand Weapons
 a - a +0 war axe (weapon) {Belessunu}
Missiles
 d - 3 throwing nets (quivered)
 e - a javelin
Armour
 b - a +0 leather armour
 c - a +0 helmet (worn)
 h - a +0 plate armour
 k - a +0 pair of boots (worn)
 o - a +0 scale mail
 t - the +4 ring mail of the Gloaming (worn) {rPois rF++ rCorr Int+3}
   (You found it on level 3 of the Dungeon)

   Int+3:     It affects your intelligence (+3).
   rF++:      It greatly protects you from fire.
   rPois:     It protects you from poison rCorr: It protects you from acid and
   corrosion.
Magical Staves
 l - a staff of alchemy
Wands
 q - a wand of flame (13)
Scrolls
 i - a scroll of revelation {unknown}
 j - a scroll of fog {unknown}
 m - 3 scrolls of teleportation {unknown}
 u - a scroll of silence {unknown}
 w - a scroll of poison {unknown}
 y - a scroll of vulnerability {unknown}
Potions
 f - a potion of heal wounds {unknown}
 g - a potion of invisibility {unknown}
 n - 2 potions of brilliance {unknown}
 p - 2 potions of attraction {unknown}
 r - a potion of might {unknown}
 s - a potion of resistance {unknown}
 v - a potion of mutation {unknown}
 x - a potion of haste {unknown}


   Skills:
 - Level 2.0 Fighting
 + Level 8.0 Axes
 - Level 1.7 Throwing
 - Level 2.6 Dodging


You had 6 spell levels left.
You didn't know any spells.
Your spell library contained the following spells:

 Spells                   Type           Power      Damage    Failure   Level
 Freeze                   Ice            0%         1d3       56%         1
 Frozen Ramparts          Ice            0%         1d1       91%         3
 Hailstorm                Conj/Ice       0%         3d5       91%         3


Dungeon Overview and Level Annotations

Branches:
Dungeon (4/15)
 Temple: D:4-7

Altars:
The Shining One


Innate Abilities, Weirdness & Mutations

You can wield a second weapon in your off-hand.
It takes a long time for you to wield or remove held weapons.
Your first few attacks do less damage.
Your grasper-arms cannot wear rings.


Message History

You take 1 damage, and have 49/50 hp.
You closely miss the goblin. The goblin closely misses you.
You slash the goblin!
You kill the goblin!
No target in view!
Search for what [? for help]? axe You now have 147 gold pieces (gained 13).
As you open the door, it creaks loudly!
You hear a shout! x2
You hear an angry hiss.
Found a stone staircase leading down.
Health restored: 50 An ogre comes into view.
It is wielding a +0 giant club.
The ogre shouts!
There is an open door here.
Okay, then.
You slash the ogre!
The ogre is moderately wounded.
The ogre hits you with a +0 giant club!
You take 11 damage, and have 39/50 hp.
MASSIVE DAMAGE!!
You barely miss the ogre.
The ogre is moderately wounded.
You hit the ogre.
The ogre is moderately wounded.
The ogre hits you with a +0 giant club!!
You take 21 damage, and have 18/50 hp.
MASSIVE DAMAGE!!
You barely miss the ogre.
The ogre is moderately wounded.
The ogre barely misses you.
You hit the ogre but do no damage.
The ogre is moderately wounded.
The ogre hits you with a +0 giant club!
* * * LOW HITPOINT WARNING * * *
You take 15 damage, and have 3/50 hp.
MASSIVE DAMAGE!!
You hit the ogre.
The ogre is moderately wounded.
An adder comes into view.
You slash the ogre!
The ogre is severely wounded.
The ogre hits you with a +0 giant club!
You die...

#.........#
##.......## #
######.......#
#..............#
..............#
.............+
##..###......#
##..###.)....#
#....O@......+
#....#.......#
#.>..#.......#
#....#########
#S... #....
##+##


You could see an ogre and an adder.

Vanquished Creatures
  Sigmund (D:2)
  A water moccasin (D:4)
  An ice beast (D:3)
  Terence (D:2)
  7 adders
  A dart slug (D:1)
  2 ribbon worms
  2 orcs
  9 bats
  3 endoplasms
  2 giant cockroaches
  4 goblins
  7 hobgoblins
  4 jackals (D:1)
  3 kobolds
  5 quokkas
  5 ball pythons
  5 frilled lizards
  A rat (D:1)
64 creatures vanquished.

Notes
Turn   | Place    | Note
-------+----------+-------------------------------------------
     0 | D:1      | Dirtsage the Coglin Gladiator began the quest for the Orb.
     0 | D:1      | Reached XP level 1. HP: 16/16 MP: 1/1
   194 | D:1      | Reached XP level 2. HP: 5/22 MP: 2/2
   487 | D:1      | Reached skill level 4 in Axes
   580 | D:1      | Reached XP level 3. HP: 27/27 MP: 3/3
  1320 | D:2      | Reached XP level 4. HP: 31/33 MP: 4/4
  1347 | D:2      | Noticed Terence
  1354 | D:2      | Killed Terence
  1355 | D:2      | Reached skill level 5 in Axes
  1569 | D:2      | Noticed Sigmund
  1591 | D:2      | Killed Sigmund
  1592 | D:2      | Reached skill level 6 in Axes
  1592 | D:2      | Reached XP level 5. HP: 34/38 MP: 5/5
  1592 | D:2      | Reached XP level 6. HP: 39/44 MP: 6/6
  2202 | D:3      | Found a glowing golden altar of the Shining One.
  2221 | D:3      | Noticed an ice beast
  2435 | D:3      | Identified the +4 ring mail of the Gloaming {rPois rF++
                  | rCorr Int+3}
  2514 | D:3      | Killed an ice beast
  2515 | D:3      | Reached skill level 7 in Axes
  2952 | D:4      | Noticed a water moccasin
  2965 | D:4      | Killed a water moccasin
  2966 | D:4      | Reached skill level 8 in Axes
  2966 | D:4      | Reached XP level 7. HP: 24/50 MP: 7/7
  3106 | D:4      | Mangled by an ogre

Illustrated notes

Levels and vault maps discovered:
D:1:      dpeg_chamrin_arrival_tetris, layout_basic
D:2:      layout_basic, kennysheep_potato, uniq_terence, uniq_sigmund
D:3:      layout_basic, mainiacjoe_overflow_six_doors_small
D:4:      layout_gridville, hangedman_feature_mirror, uniq_blork_the_orc

Skill      XL: |  1  2  3  4  5  6 |
---------------+-------------------+-----
Axes           | 4 6 8 |  8.0
Fighting       | |  2.0
Throwing       | |  1.7
Dodging        | |  2.6

Action                     |  1- 3 |  4- 6 |  7- 9 || total
---------------------------+-------+-------+-------++-------
  Melee: War axe           |   105 |   122 |     9 ||   236
  Evoke: Wand              |       |     5 |       ||     5
    Use: Potion            |       |     3 |       ||     3
 Armour: Plate armour      |   119 |    19 |       ||   138
         Leather armour    |     6 |       |       ||     6
         Skin              |       |    11 |       ||    11
         Scale mail        |       |    33 |       ||    33
         Ring mail         |       |    32 |     5 ||    37
  Dodge: Dodged            |    38 |    68 |     2 ||   108
         Repelled          |     1 |     1 |       ||     2

Table legend: (Time is in decaauts)
 A = Elapsed time spent in this place.
 B = Non-inter-level travel time spent in this place.
 C = Inter-level travel time spent in this place.
 D = Time resting spent in this place.
 E = Time spent auto-exploring this place.
 F = Levels seen in this place.
 G = Mean time per level.
                   A        B        C        D        E       F      G
               +--------+--------+--------+--------+--------+-----+--------+
         Total |   3160 |   3096 |     64 |     17 |   2511 |   4 |  790.0 |
       Dungeon |   3160 |   3096 |     64 |     17 |   2511 |   4 |  790.0 |
               +--------+--------+--------+--------+--------+-----+--------+

Top non-repeatable levels by time:
     D:1: 1068 daAuts
     D:3: 940 daAuts
     D:2: 918 daAuts
     D:4: 232 daAuts
